General information
- name: BNet
- type: Ladder team game (AT/RT)
- host: Battle.net
- saver: AbductdByAIiens
map: FullScaleAssault
- players: 8
- length: 31:31
- speed: Fast
- version: 1.28 W3XP
- replay type: Public
» download(281 KB)
Players
team 1 (loser)
miniraeace (
orange | 38 APM | 1199 actions | 31:31)
8 Dreadlord
3 Carrion Swarm
3 Vampiric Aura
1 Sleep
1 Inferno
» actions
| Build / train | 84 | |
| Enter build submenu | 22 | |
| Enter hero's abilities submenu | 8 | |
| Give item / drop item | 3 | |
| Right click | 548 | |
| Select / deselect | 446 | |
| Use ability | 88 | |
1199 total
» units
| Acolyte | 14 | |
| Ghoul | 2 | |
| Crypt Fiend | 26 | |
| Frost Wyrm | 7 | |
49 total
» upgrades
| Creature Carapace | 2 | |
| Creature Attack | 2 | |
| Web | 1 | |
| Burrow | 1 | |
| Backpack | 1 | |
7 total
» buildings
| Crypt | 2 | |
| Ziggurat | 11 | |
| Altar of Darkness | 1 | |
| Graveyard | 1 | |
| Tomb of Relics | 1 | |
| Halls of the Dead | 1 | |
| Nerubian Tower | 2 | |
| Sacrificial Pit | 2 | |
| Black Citadel | 1 | |
| Spirit Tower | 2 | |
| Boneyard | 2 | |
26 total
» build order
00:56 Crypt
00:57 Crypt
00:59 Ziggurat
01:00 Ziggurat
01:32 Altar of Darkness
01:44 Graveyard
02:48 Tomb of Relics
03:37 Ziggurat
07:12 Ziggurat
07:31 Halls of the Dead
09:36 Nerubian Tower
09:39 Ziggurat
09:40 Ziggurat
09:42 Ziggurat
10:06 Sacrificial Pit
10:26 Black Citadel
11:31 Spirit Tower
11:35 Nerubian Tower
11:58 Ziggurat
14:35 Sacrificial Pit
16:46 Ziggurat
16:49 Ziggurat
16:52 Ziggurat
19:03 Spirit Tower
20:19 Boneyard
20:24 Boneyard
» items
| Rod of Necromancy | 1 | |
| Circlet of Nobility | 1 | |
| Periapt of Vitality | 2 | |
| Scroll of Town Portal | 6 | |
| Potion of Healing | 2 | |
| Orb of Corruption | 1 | |
13 total
Stratuspilot (
red | 38 APM | 1182 actions | 31:31)
5 Archmage
2 Summon Water Elemental
2 Brilliance Aura
1 Blizzard
» actions
| Assign group hotkey | 7 | |
| Basic commands | 43 | |
| Build / train | 97 | |
| Enter build submenu | 52 | |
| Enter hero's abilities submenu | 5 | |
| Remove unit from queue | 1 | |
| Right click | 439 | |
| Select / deselect | 429 | |
| Select group hotkey | 38 | |
| Use ability | 71 | |
1182 total
» units
| Peasant | 20 | |
| Footman | 7 | |
| Rifleman | 9 | |
| Flying Machine | 7 | |
| Siege Engine | 4 | |
| Knight | 3 | |
| Mortar Team | 8 | |
58 total
» upgrades
| Defend | 1 | |
| Long Rifles | 1 | |
| Gunpowder | 3 | |
| Armor | 3 | |
| Lumber Harvesting | 1 | |
| Masonry | 1 | |
| Flak Cannons | 1 | |
| Flying Machine Bombs | 1 | |
| Barrage | 1 | |
| Animal War Training | 1 | |
| Fragmentation Shards | 1 | |
| Plating | 1 | |
| Swords | 1 | |
17 total
» buildings
| Altar of Kings | 2 | |
| Farm | 16 | |
| Barracks | 2 | |
| Scout Tower | 13 | |
| Arcane Tower | 1 | |
| Blacksmith | 1 | |
| Town Hall | 4 | |
| Keep | 1 | |
| Lumber Mill | 1 | |
| Workshop | 2 | |
| Guard Tower | 5 | |
| Castle | 1 | |
| Cannon Tower | 3 | |
| Arcane Vault | 2 | |
54 total
» build order
00:11 Altar of Kings
00:15 Altar of Kings
00:30 Farm
01:12 Barracks
01:59 Farm
02:35 Farm
02:42 Scout Tower
03:22 Arcane Tower
03:27 Farm
03:55 Farm
04:12 Blacksmith
04:36 Farm
05:21 Farm
05:56 Barracks
06:02 Farm
06:25 Town Hall
06:29 Town Hall
06:43 Farm
07:08 Farm
07:50 Keep
07:53 Farm
08:16 Scout Tower
09:53 Lumber Mill
10:28 Scout Tower
11:07 Workshop
11:12 Guard Tower
12:27 Castle
12:54 Guard Tower
14:02 Workshop
16:25 Scout Tower
16:52 Scout Tower
17:10 Cannon Tower
17:13 Scout Tower
17:20 Scout Tower
17:35 Guard Tower
18:00 Scout Tower
18:37 Scout Tower
18:40 Guard Tower
18:43 Scout Tower
19:09 Cannon Tower
19:12 Scout Tower
19:36 Cannon Tower
20:07 Arcane Vault
20:11 Arcane Vault
21:22 Scout Tower
22:23 Scout Tower
22:52 Guard Tower
22:54 Farm
23:08 Farm
23:35 Farm
24:57 Farm
27:35 Town Hall
28:00 Farm
31:00 Town Hall
» items
| Scroll of Town Portal | 1 | |
| Orb of Fire | 1 | |
2 total
vertigo.flowers (
blue | 87 APM | 2727 actions | 31:16)
7 Archmage
3 Summon Water Elemental
3 Brilliance Aura
1 Mass Teleport
1 Paladin
1 Holy Light
» actions
| Assign group hotkey | 244 | |
| Build / train | 148 | |
| Enter build submenu | 35 | |
| Enter hero's abilities submenu | 8 | |
| Give item / drop item | 1 | |
| Right click | 1182 | |
| Select / deselect | 371 | |
| Select group hotkey | 637 | |
| Use ability | 101 | |
2727 total
» units
| Peasant | 16 | |
| Footman | 8 | |
| Rifleman | 10 | |
| Flying Machine | 58 | |
92 total
» upgrades
| Gunpowder | 1 | |
| Long Rifles | 1 | |
| Lumber Harvesting | 1 | |
| Masonry | 1 | |
| Armor | 1 | |
| Plating | 1 | |
| Flak Cannons | 1 | |
| Flying Machine Bombs | 1 | |
8 total
» buildings
| Altar of Kings | 1 | |
| Farm | 12 | |
| Barracks | 2 | |
| Lumber Mill | 2 | |
| Arcane Vault | 2 | |
| Blacksmith | 1 | |
| Scout Tower | 9 | |
| Keep | 1 | |
| Town Hall | 1 | |
| Guard Tower | 13 | |
| Workshop | 3 | |
| Castle | 3 | |
50 total
» build order
00:16 Altar of Kings
00:20 Farm
00:28 Barracks
00:57 Farm
01:46 Farm
02:25 Lumber Mill
02:30 Lumber Mill
02:51 Arcane Vault
03:06 Blacksmith
03:26 Farm
04:10 Farm
04:47 Barracks
05:03 Scout Tower
06:01 Keep
06:06 Scout Tower
06:32 Town Hall
07:11 Guard Tower
07:13 Scout Tower
07:32 Scout Tower
08:38 Scout Tower
08:54 Scout Tower
08:55 Guard Tower
08:55 Guard Tower
09:34 Scout Tower
09:44 Guard Tower
09:44 Guard Tower
10:09 Workshop
10:11 Workshop
10:27 Guard Tower
10:27 Guard Tower
10:27 Guard Tower
10:29 Scout Tower
10:32 Scout Tower
11:20 Castle
11:20 Castle
11:41 Farm
11:43 Guard Tower
12:10 Farm
12:27 Farm
13:33 Farm
13:34 Farm
14:39 Workshop
16:23 Farm
22:04 Arcane Vault
23:05 Farm
» items
| Scroll of Regeneration | 3 | |
| Lesser Clarity Potion | 1 | |
| Scroll of Town Portal | 5 | |
| Potion of Healing | 1 | |
10 total
AbductdByAIiens (
teal | 74 APM | 2318 actions | 31:31)
10 Archmage
3 Summon Water Elemental
3 Brilliance Aura
1 Mass Teleport
3 Blizzard
» actions
| Assign group hotkey | 72 | |
| Basic commands | 132 | |
| Build / train | 123 | |
| Enter build submenu | 34 | |
| Enter hero's abilities submenu | 10 | |
| Give item / drop item | 4 | |
| Remove unit from queue | 4 | |
| Right click | 713 | |
| Select / deselect | 507 | |
| Select group hotkey | 557 | |
| Use ability | 162 | |
2318 total
» units
| Peasant | 20 | |
| Footman | 8 | |
| Rifleman | 10 | |
| Goblin Shredder | 1 | |
| Priest | 6 | |
| Goblin Zeppelin | 1 | |
| Dragonhawk Rider | 3 | |
49 total
» upgrades
| Plating | 1 | |
| Swords | 1 | |
| Defend | 1 | |
| Gunpowder | 3 | |
| Armor | 3 | |
| Long Rifles | 1 | |
| Masonry | 3 | |
| Priest Training | 2 | |
| Magic Sentry | 1 | |
| Cloud | 1 | |
17 total
» buildings
| Altar of Kings | 1 | |
| Barracks | 2 | |
| Farm | 10 | |
| Blacksmith | 2 | |
| Arcane Vault | 1 | |
| Town Hall | 3 | |
| Keep | 1 | |
| Castle | 1 | |
| Lumber Mill | 1 | |
| Arcane Sanctum | 2 | |
| Gryphon Aviary | 2 | |
| Scout Tower | 5 | |
| Guard Tower | 10 | |
41 total
» build order
00:38 Altar of Kings
00:39 Barracks
00:50 Farm
00:52 Farm
01:05 Farm
01:52 Farm
03:06 Blacksmith
04:04 Arcane Vault
04:29 Town Hall
04:41 Farm
04:43 Farm
05:43 Barracks
06:24 Keep
09:33 Castle
10:02 Lumber Mill
10:03 Blacksmith
10:40 Arcane Sanctum
11:55 Arcane Sanctum
13:52 Town Hall
14:38 Farm
14:40 Farm
16:25 Gryphon Aviary
16:26 Gryphon Aviary
19:23 Scout Tower
20:48 Farm
20:50 Farm
28:05 Town Hall
28:07 Scout Tower
28:08 Scout Tower
28:09 Scout Tower
28:09 Scout Tower
28:34 Guard Tower
28:34 Guard Tower
28:34 Guard Tower
28:36 Guard Tower
28:37 Guard Tower
28:37 Guard Tower
29:01 Guard Tower
» items
| Scroll of Regeneration | 7 | |
| Scroll of Town Portal | 9 | |
| Potion of Healing | 8 | |
| Mechanical Critter | 4 | |
| Staff of Sanctuary | 1 | |
| Scroll of Healing | 1 | |
30 total
team 2 (winner)
iTKjerks0Rnoobs (
green | 72 APM | 2271 actions | 31:31)
7 Death Knight
3 Death Coil
3 Unholy Aura
1 Animate Dead
6 Dark Ranger
2 Black Arrow
3 Silence
1 Charm
» actions
| Assign group hotkey | 105 | |
| Basic commands | 78 | |
| Build / train | 81 | |
| Enter build submenu | 26 | |
| Enter hero's abilities submenu | 13 | |
| Give item / drop item | 2 | |
| Remove unit from queue | 3 | |
| Right click | 812 | |
| Select / deselect | 360 | |
| Select group hotkey | 686 | |
| Use ability | 105 | |
2271 total
» units
| Acolyte | 14 | |
| Ghoul | 4 | |
| Goblin Shredder | 3 | |
| Frost Wyrm | 14 | |
| Goblin Zeppelin | 1 | |
36 total
» upgrades
| Freezing Breath | 1 | |
| Creature Carapace | 3 | |
| Creature Attack | 2 | |
6 total
» buildings
| Crypt | 1 | |
| Necropolis | 3 | |
| Halls of the Dead | 1 | |
| Altar of Darkness | 1 | |
| Ziggurat | 9 | |
| Black Citadel | 2 | |
| Sacrificial Pit | 1 | |
| Boneyard | 3 | |
| Tomb of Relics | 3 | |
| Graveyard | 1 | |
| Spirit Tower | 5 | |
30 total
» build order
00:10 Crypt
00:15 Necropolis
01:37 Halls of the Dead
02:09 Altar of Darkness
02:33 Ziggurat
03:58 Black Citadel
03:58 Black Citadel
04:01 Sacrificial Pit
06:23 Necropolis
06:28 Boneyard
06:37 Boneyard
07:04 Boneyard
07:06 Ziggurat
07:06 Ziggurat
07:29 Tomb of Relics
10:35 Necropolis
11:17 Graveyard
11:27 Ziggurat
12:17 Ziggurat
12:18 Ziggurat
12:54 Ziggurat
13:21 Spirit Tower
13:21 Spirit Tower
14:30 Spirit Tower
14:40 Tomb of Relics
16:05 Spirit Tower
17:05 Tomb of Relics
17:56 Spirit Tower
22:59 Ziggurat
27:16 Ziggurat
» items
| Scroll of Town Portal | 5 | |
| Orb of Corruption | 2 | |
| Potion of Healing | 1 | |
8 total

»
ZSoft (
yellow | 53 APM | 1684 actions | 31:31)
6 Blademaster
3 Wind Walk
2 Critical Strike
1 Bladestorm
4 Shadow Hunter
2 Healing Wave
2 Serpent Ward
4 Tauren Chieftain
2 Endurance Aura
2 War Stomp
» actions
| Assign group hotkey | 34 | |
| Basic commands | 42 | |
| Build / train | 113 | |
| ESC pressed | 2 | |
| Enter build submenu | 21 | |
| Enter hero's abilities submenu | 14 | |
| Give item / drop item | 1 | |
| Right click | 502 | |
| Select / deselect | 424 | |
| Select group hotkey | 439 | |
| Use ability | 92 | |
1684 total
» units
| Peon | 27 | |
| Wind Rider | 12 | |
| Goblin Zeppelin | 1 | |
| Troll Batrider | 19 | |
| Raider | 10 | |
69 total
» upgrades
| Armor | 3 | |
| Ranged Weapons | 3 | |
| Envenomed Spears | 1 | |
| Spiked Barricades | 1 | |
| Reinforced Defenses | 1 | |
| Melee Weapons | 3 | |
| Ensnare | 1 | |
| Pillage | 1 | |
| Liquid Fire | 1 | |
15 total
» buildings
| Altar of Storms | 1 | |
| Orc Burrow | 7 | |
| Voodoo Lounge | 1 | |
| War Mill | 1 | |
| Stronghold | 1 | |
| Fortress | 1 | |
| Beastiary | 2 | |
| Great Hall | 2 | |
| Watch Tower | 6 | |
22 total
» build order
00:07 Altar of Storms
00:13 Orc Burrow
01:06 Voodoo Lounge
01:33 War Mill
02:23 Stronghold
02:59 Orc Burrow
04:51 Fortress
04:56 Beastiary
05:02 Beastiary
05:07 Orc Burrow
06:59 Great Hall
08:10 Watch Tower
11:15 Orc Burrow
11:59 Watch Tower
12:02 Watch Tower
12:47 Orc Burrow
14:52 Watch Tower
16:21 Watch Tower
16:29 Orc Burrow
16:30 Orc Burrow
18:16 Watch Tower
25:07 Great Hall
» items
| Orb of Lightning | 2 | |
| Scroll of Town Portal | 7 | |
| Healing Salve | 1 | |
10 total

»
andycrazn (
purple | 61 APM | 1922 actions | 31:31)
7 Dark Ranger
3 Black Arrow
3 Silence
1 Charm
» actions
| Assign group hotkey | 152 | |
| Build / train | 82 | |
| Enter build submenu | 18 | |
| Enter hero's abilities submenu | 7 | |
| Right click | 758 | |
| Select / deselect | 483 | |
| Select group hotkey | 349 | |
| Use ability | 73 | |
1922 total
» units
| Acolyte | 3 | |
| Ghoul | 10 | |
| Crypt Fiend | 15 | |
| Necromancer | 14 | |
| Obsidian Statue | 4 | |
| Gargoyle | 10 | |
56 total
» upgrades
| Web | 1 | |
| Skeletal Longevity | 1 | |
| Necromancer Training | 2 | |
| Skeletal Mastery | 1 | |
| Creature Attack | 2 | |
| Destroyer Form | 1 | |
| Unholy Strength | 2 | |
| Burrow | 1 | |
11 total
» buildings
| Ziggurat | 7 | |
| Altar of Darkness | 1 | |
| Crypt | 1 | |
| Graveyard | 1 | |
| Halls of the Dead | 1 | |
| Black Citadel | 1 | |
| Slaughterhouse | 2 | |
| Temple of the Damned | 1 | |
| Tomb of Relics | 1 | |
| Sacrificial Pit | 1 | |
17 total
» build order
00:12 Ziggurat
00:16 Altar of Darkness
00:35 Crypt
01:12 Graveyard
01:23 Ziggurat
02:39 Ziggurat
03:48 Halls of the Dead
03:58 Ziggurat
05:04 Ziggurat
06:08 Ziggurat
06:10 Black Citadel
06:12 Slaughterhouse
06:18 Slaughterhouse
06:23 Temple of the Damned
07:53 Tomb of Relics
11:35 Ziggurat
13:48 Sacrificial Pit
» items

»
651684313219687 (
pink | 144 APM | 4537 actions | 31:31)
6 Archmage
2 Summon Water Elemental
3 Brilliance Aura
1 Mass Teleport
6 Mountain King
3 Storm Bolt
3 Bash
5 Paladin
3 Holy Light
2 Divine Shield
» actions
| Assign group hotkey | 35 | |
| Basic commands | 317 | |
| Build / train | 137 | |
| Enter build submenu | 63 | |
| Enter hero's abilities submenu | 17 | |
| Give item / drop item | 9 | |
| Right click | 1970 | |
| Select / deselect | 1213 | |
| Select group hotkey | 571 | |
| Use ability | 198 | |
4537 total
» units
| Peasant | 16 | |
| Footman | 17 | |
| Goblin Shredder | 1 | |
| Goblin Zeppelin | 1 | |
| Knight | 4 | |
| Flying Machine | 12 | |
51 total
» upgrades
| Masonry | 3 | |
| Plating | 3 | |
| Swords | 3 | |
| Lumber Harvesting | 2 | |
| Gunpowder | 3 | |
| Animal War Training | 1 | |
| Flak Cannons | 1 | |
| Flying Machine Bombs | 1 | |
| Barrage | 1 | |
| Fragmentation Shards | 1 | |
| Armor | 2 | |
| Flare | 1 | |
22 total
» buildings
| Altar of Kings | 2 | |
| Barracks | 2 | |
| Farm | 14 | |
| Arcane Vault | 1 | |
| Lumber Mill | 2 | |
| Town Hall | 3 | |
| Scout Tower | 30 | |
| Keep | 1 | |
| Arcane Tower | 6 | |
| Guard Tower | 15 | |
| Blacksmith | 1 | |
| Castle | 1 | |
| Workshop | 2 | |
80 total
» build order
00:10 Altar of Kings
00:12 Altar of Kings
00:22 Barracks
00:38 Farm
01:08 Farm
01:33 Farm
02:21 Farm
03:02 Arcane Vault
03:29 Lumber Mill
04:20 Town Hall
04:23 Scout Tower
04:25 Scout Tower
04:26 Scout Tower
04:27 Scout Tower
05:51 Keep
06:11 Arcane Tower
06:12 Guard Tower
06:35 Blacksmith
06:37 Farm
10:12 Castle
10:16 Workshop
10:17 Workshop
10:47 Scout Tower
10:48 Scout Tower
10:49 Scout Tower
10:49 Scout Tower
10:58 Farm
11:37 Farm
11:53 Farm
12:00 Guard Tower
12:33 Farm
13:37 Barracks
13:37 Farm
17:46 Scout Tower
17:49 Scout Tower
17:51 Scout Tower
18:16 Scout Tower
18:17 Scout Tower
18:17 Scout Tower
18:53 Arcane Tower
18:54 Guard Tower
18:56 Guard Tower
19:19 Guard Tower
19:21 Guard Tower
20:00 Scout Tower
20:02 Scout Tower
20:03 Scout Tower
20:44 Guard Tower
20:47 Farm
20:51 Lumber Mill
20:58 Arcane Tower
21:00 Farm
21:03 Farm
21:03 Farm
22:18 Scout Tower
22:19 Scout Tower
24:02 Town Hall
24:05 Scout Tower
24:06 Scout Tower
24:08 Scout Tower
24:11 Scout Tower
24:12 Scout Tower
24:14 Scout Tower
24:35 Arcane Tower
24:35 Guard Tower
24:35 Guard Tower
24:38 Arcane Tower
25:05 Guard Tower
26:20 Guard Tower
30:04 Scout Tower
30:04 Scout Tower
30:06 Scout Tower
30:07 Scout Tower
30:07 Scout Tower
30:33 Guard Tower
30:34 Arcane Tower
30:35 Guard Tower
30:36 Guard Tower
30:36 Guard Tower
30:38 Town Hall
» items
| Scroll of Regeneration | 3 | |
| Boots of Speed | 2 | |
| Scroll of Healing | 1 | |
| Potion of Lesser Invulnerability | 1 | |
| Orb of Corruption | 1 | |
| Scroll of Town Portal | 5 | |
| Orb of Lightning | 1 | |
| Circlet of Nobility | 1 | |
| Tome of Retraining | 1 | |
16 total
Chat log
(00:14 / All) miniraeace: another 2 hour long game
(00:16 / All) miniraeace: Omfg
(00:18 / Allies) Stratuspilot: lol
(00:34 / Allies) AbductdByAIiens: then let's rush
(00:41 / Allies) vertigo.flowers: yes
(00:50 / Allies) Stratuspilot: i gotchu
(01:03 / Allies) vertigo.flowers: fast af
(01:15 / Allies) AbductdByAIiens: go with mass tier 1
(05:05 / Allies) AbductdByAIiens: yall close to being ready?
(05:11 / Allies) vertigo.flowers: i am
(05:13 / Allies) Stratuspilot: yeah
(05:15 / Allies) Stratuspilot: well
(08:52 / Allies) vertigo.flowers: im b
(09:06 / Allies) AbductdByAIiens: bring fiends
(09:47 / Allies) AbductdByAIiens: out
(09:49 / Allies) AbductdByAIiens: we need a
(09:51 / Allies) AbductdByAIiens: aa
(09:59 / Allies) vertigo.flowers: b
(10:00 / Allies) Stratuspilot: i got you
(10:14 / Allies) AbductdByAIiens: lumber?
(10:15 / Allies) Stratuspilot: i got rifles and ill make tanks/choppers
(12:32 / Allies) AbductdByAIiens: come red
(15:16 / Allies) miniraeace: attk main?
(15:33 / Allies) AbductdByAIiens: blue is back at our side
(15:37 / Allies) AbductdByAIiens: so we need to tp out quick
(15:44 / Allies) AbductdByAIiens: kill burrows
(16:00 / Allies) AbductdByAIiens: OUT
(16:00 / Allies) AbductdByAIiens: IOUYT
(16:03 / All) AbductdByAIiens: OUT
(16:03 / Allies) AbductdByAIiens: OUT
(16:09 / Allies) Stratuspilot: fuck
(17:25 / Allies) AbductdByAIiens: mneet
(19:02 / Allies) AbductdByAIiens: accidentally killed gyro
(19:34 / Allies) vertigo.flowers: gold pls
(19:51 / Allies) vertigo.flowers: tp
(21:44 / Allies) AbductdByAIiens: out orange
(22:15 / Allies) AbductdByAIiens: wheres shop blue
(22:20 / Allies) vertigo.flowers: they killed it
(22:21 / Allies) vertigo.flowers: its coming
(23:04 / Allies) AbductdByAIiens: we have to kill their expos
(23:13 / Allies) Stratuspilot: got mortars
(23:41 / Allies) AbductdByAIiens: BLUE
(23:41 / All) iTKjerks0Rnoobs: lol
(23:49 / Allies) vertigo.flowers: thanks dickj
(23:51 / Allies) vertigo.flowers: fuck you
(23:51 / Allies) AbductdByAIiens: dude
(23:53 / Allies) AbductdByAIiens: I was already tping out
(23:55 / Allies) AbductdByAIiens: when you tped in
(23:59 / All) iTKjerks0Rnoobs: guess he didnt tell u he was leaving
(24:07 / Allies) vertigo.flowers: we lose now
(24:07 / Allies) vertigo.flowers: haha
(24:08 / Allies) AbductdByAIiens: I didn't know you would tp in
(24:09 / Allies) vertigo.flowers: good
(24:16 / Allies) vertigo.flowers: we lose anyways
(24:19 / All) andycrazn: thnx orange
(24:21 / Allies) AbductdByAIiens: why would you do that man
(24:24 / All) andycrazn: wanted a frost wyrm
(24:37 / Allies) vertigo.flowers: we fucking lose anyways
(24:39 / Allies) vertigo.flowers: so shutup
(24:47 / Allies) AbductdByAIiens: alright dude blame everyone for your bonehead mistake
(24:49 / Allies) AbductdByAIiens: and be a prick about it
(25:55 / Allies) Stratuspilot: fuck yeah
(26:06 / Allies) Stratuspilot: fuck
(26:24 / Allies) Stratuspilot: i need gold to build hall
(26:26 / Allies) Stratuspilot: like 50
(26:37 / Allies) Stratuspilot: ty
(28:28 / Allies) vertigo.flowers: yeah
(28:31 / Allies) vertigo.flowers: thanks red
(28:32 / Allies) miniraeace: backl
(28:45 / Allies) AbductdByAIiens: hit that red
(28:45 / Allies) Stratuspilot: got it
(29:35 / Allies) vertigo.flowers: need gold for hero
(29:46 / Allies) Stratuspilot: wtf
(29:52 / Allies) Stratuspilot: lol
(30:37 / Allies) vertigo.flowers: red
(30:38 / Allies) vertigo.flowers: wtf
(31:19 / All) AbductdByAIiens: gg
(31:22 / Allies) Stratuspilot: damn